 Dungeon Crawl Stone Soup version 0.23.2-11-gf996548c65 (webtiles) character file.

Game seed: 1821250230067626252

815 Nattfarinn the Ruffian (level 7, -16/61 HPs)
             Began as a Ghoul Fighter on June 2, 2019.
             Demolished by an ogre
             ... wielding a +0 giant club
              (31 damage)
             ... on level 5 of the Dungeon.
             The game lasted 00:09:06 (3893 turns).

Nattfarinn the Ruffian (Ghoul Fighter)              Turns: 3893, Time: 00:09:07

Health: -16/61     AC:  7    Str: 20    XL:     7   Next: 94%
Magic:  6/6        EV:  7    Int:  3    God:
Gold:   321        SH:  9    Dex: 10    Spells: 6/6 levels left

rFire    . . .     SeeInvis .     - Unarmed
rCold    + . .     Gourm    .   b - +0 shield
rNeg     + + +     Faith    .   a - +0 scale mail
rPois    ∞         Spirit   .   (no helmet)
rElec    .         Reflect  .   (no cloak)
rCorr    .         Harm     .   (no gloves)
MR       .....                  (no boots)
Stlth    ..........             (no amulet)
HPRegen  0.00/turn              (no ring)
MPRegen  0.10/turn              (no ring)

@: very slightly contaminated, rotting
A: rotting body, claws 1, carnivore, cold resistance 1, negative energy
resistance 3, inhibited regeneration, torment resistance, unbreathing
a: no special abilities


You were on level 5 of the Dungeon.
You were not hungry.

You visited 1 branch of the dungeon, and saw 5 of its levels.
You also visited: Sewer.

You collected 321 gold pieces.

Inventory:

Armour
 a - a +0 scale mail (worn)
 b - a +0 shield (worn)
 u - a +2 leather armour of cold resistance
Jewellery
 g - an uncursed ring of protection from cold {unknown}
Wands
 r - a wand of digging (4)
Scrolls
 h - 4 scrolls of identify
 k - a scroll of enchant weapon
 n - a scroll of remove curse
 q - 2 scrolls of magic mapping
 s - a scroll of enchant armour {unknown}
 v - a scroll of amnesia {unknown}
 w - a scroll of teleportation {unknown}
Potions
 c - 3 potions of might
 e - a potion of berserk rage
 i - 4 potions of flight
 j - 2 potions of agility
 l - 2 potions of curing
 o - a potion of brilliance {unknown}
 t - a potion of mutation {unknown}
Comestibles
 d - 10 rations


   Skills:
 + Level 5.3 Fighting
 + Level 4.4 Armour
 + Level 4.3 Shields
 * Level 6.3 Unarmed Combat


You had 6 spell levels left.
You didn't know any spells.
Your spell library was empty.

Dungeon Overview and Level Annotations

Branches:
Dungeon (5/15)
 Temple: D:4-7

Altars:
Cheibriados
Makhleb
Xom

Annotations:
D:5 Ijyb


Innate Abilities, Weirdness & Mutations

Your body is rotting away.
You thrive on raw meat.
You are immune to poison.
You have sharp fingernails.
You are carnivorous and can eat meat at any time.
Your flesh is cold resistant. (rC+)
You are immune to negative energy. (rN+++)
You do not regenerate when monsters are visible.
You are immune to unholy pain and torment.
You can survive without breathing.


Message History

The crimson imp hits you.
* * * LOW HITPOINT WARNING * * *
Found a scroll of enchant weapon.
The crimson imp disappears for a moment.
You block the crimson imp's attack.
Found 14 bolts.
The crimson imp hits you.
* * * LOW HITPOINT WARNING * * *
The crimson imp shouts, "Take thy face hence, thou reeling-ripe ruttish bandersnitch!"
The worker ant waves its antennae.
The giant cockroach bites you but does no damage.
An ice beast comes into view.
The crimson imp blinks!
Found 19 arrows.
Found a stone staircase leading down.
The giant cockroach completely misses you. x2
An ogre comes into view. It is wielding a +0 giant club.
The ogre shouts!
The ogre hits you with a +0 giant club!!
Ouch! That really hurt!
You die...

#.#####.#
#.##(#gZ..gg..
.......5#
#.###a#####w..
.(..Y...###.##.##
#...
.......g.a.g#.##
##...
#.#####Y#..#.##
#.gs< #.#.#.##
###.) #a#.### #..
#s#.. #.. #@###
... #O# #### #>#
#.# ... #.# ###


You could see an ice beast, an ogre, a worker ant, a gnoll, a crimson imp and a
giant cockroach.

Vanquished Creatures
  A phantom (D:4)
  An ogre (D:4)
  A big kobold (Sewer)
  2 howler monkeys (D:4)
  A crimson imp (D:4)
  2 hounds
  An orc priest (D:4)
  An iguana (D:4)
  A worker ant (D:4)
  2 orc wizards (D:4)
  4 gnolls
  A howler monkey skeleton (D:4)
  9 adders
  2 oozes
  An adder skeleton (D:4)
  5 worms
  5 dart slugs
  3 leopard geckos
  11 orcs
  17 bats
  2 giant cockroaches
  4 goblins
  4 hobgoblins
  4 jackals (D:4)
  17 kobolds
  A quokka (D:4)
  5 ball pythons
  3 frilled lizards
  A leopard gecko skeleton (D:4)
  17 rats
129 creatures vanquished.

Vanquished Creatures (others)
  5 dream sheep (D:4)
5 creatures vanquished.

Grand Total: 134 creatures vanquished

Notes
Turn   | Place    | Note
-------+----------+-------------------------------------------
     0 | D:1      | Nattfarinn the Ghoul Fighter began the quest for the Orb.
     0 | D:1      | Reached XP level 1. HP: 19/19 MP: 0/0
   160 | D:1      | Reached XP level 2. HP: 23/26 MP: 1/1
   472 | D:1      | Reached XP level 3. HP: 31/31 MP: 2/2
   614 | D:1      | Reached skill level 3 in Unarmed Combat
   958 | D:2      | Found a burning altar of Makhleb.
   974 | D:2      | Reached XP level 4. HP: 20/40 MP: 3/3
  1059 | D:2      | Found a snail-covered altar of Cheibriados.
  1157 | D:2      | HP: 2/40 [kobold/stone (3)]
  1193 | D:2      | Reached XP level 5. HP: 43/46 MP: 4/4
  1494 | D:3      | Reached skill level 4 in Unarmed Combat
  1785 | D:3      | Found a glowing drain.
  1821 | Sewer    | Entered a sewer
  2039 | Sewer    | Noticed a big kobold
  2051 | Sewer    | Killed a big kobold
  2051 | Sewer    | Reached XP level 6. HP: 35/53 MP: 5/5
  2678 | D:4      | Reached skill level 5 in Unarmed Combat
  2746 | D:4      | HP: 2/53 [orc/+0 trident (5)]
  2769 | D:4      | Reached XP level 7. HP: 23/60 MP: 6/6
  2865 | D:4      | Reached skill level 5 in Fighting
  2888 | D:4      | Noticed a dream sheep
  2888 | D:4      | Noticed a dream sheep
  2888 | D:4      | Noticed a dream sheep
  2888 | D:4      | Noticed a dream sheep
  2888 | D:4      | Noticed a dream sheep
  2888 | D:4      | Found a shimmering altar of Xom.
  2892 | D:4      | Killed a dream sheep
  2893 | D:4      | Killed a dream sheep
  2893 | D:4      | Killed a dream sheep
  2893 | D:4      | Killed a dream sheep
  2897 | D:4      | Killed a dream sheep
  3327 | D:4      | Reached skill level 6 in Unarmed Combat
  3855 | D:5      | Entered Level 5 of the Dungeon
  3861 | D:5      | Noticed Ijyb
  3893 | D:5      | Demolished by an ogre

Skill      XL: |  1  2  3  4  5  6  7 |
---------------+----------------------+-----
Unarmed Combat | 3 4 5 6 |  6.3
Shields        | 3 4 |  4.3
Armour         | 3 4 |  4.4
Fighting       | 4 5 |  5.3

Action                   |  1- 3 |  4- 6 |  7- 9 || total
-------------------------+-------+-------+-------++-------
Melee: Unarmed           |   121 |   319 |    72 ||   512
  Use: Potion            |       |     8 |     3 ||    11
       Scroll            |       |     4 |     3 ||     7
  Eat: Chunk             |     4 |     9 |     3 ||    16
Armor: Scale mail        |    58 |   148 |    22 ||   228
Dodge: Dodged            |    49 |   128 |    25 ||   202
Block: Shield            |    53 |   172 |    48 ||   273
